IL
DURHAM BULLS @ COLUMBUS CLIPPERS
06/07/2098
 
TOP OF THE 1ST
Durham Bulls batting - Pitching for Columbus Clippers : RHP Brian Pitts
Pitching: RHP Brian Pitts
Batting: RHB Luis Rubio 0-0: Ball
1-0: Ball
2-0: Called Strike
2-1: Called Strike
2-2: Strikes out swinging
Batting: RHB David Vorel 0-0: Ball
1-0: Ball
2-0: Ball
3-0: Called Strike
3-1: Foul Ball, location: 2F
3-2: SINGLE (Line Drive, 9S, EV 106.9 MPH)
Batting: RHB Adam Western 0-0: Grounds into double play, 6-4-3 (Groundball, 6, EV 78.1 MPH)
Top of the 1st over - 0 runs, 1 hit, 0 errors, 0 left on base; Durham 0 - Columbus 0
BOTTOM OF THE 1ST
Columbus Clippers batting - Pitching for Durham Bulls : LHP David Kasten
Pitching: LHP David Kasten
Batting: RHB Bill Foulon 0-0: Called Strike
0-1: Ball
1-1: Foul Ball, location: 2LF
1-2: Ball
2-2: Foul Ball, location: 2F
2-2: Ball
3-2: SINGLE (Line Drive, 8RS, EV 109.4 MPH)
Batting: RHB John Walko 0-0: SINGLE (Line Drive, 4M, EV 95.6 MPH)
Bill Foulon to second
Batting: RHB Bill Meller 0-0: Ball
1-0: Fielders Choice at 2nd, 4-6 (Groundball, 34D, EV 95.0 MPH)
Bill Foulon to third
Batting: LHB Ruben Ortiz 0-0: Fly out, F9 (Line Drive, 89M, EV 107.5 MPH)
Runner from 3rd tags up, SCORES, throw by RF
Batting: RHB Tyler O'Brien 0-0: Ball
1-0: SINGLE (Groundball, 5D, EV 86.3 MPH) (infield hit)
Bill Meller to second
Batting: LHB Zachary Moody 0-0: Ball
1-0: Swinging Strike
1-1: Ball
2-1: Called Strike
2-2: Ball
3-2: Foul Ball, location: 2F
3-2: Base on Balls
Bill Meller to third
Tyler O'Brien to second
Batting: RHB Chris Hubert 0-0: Called Strike
0-1: Foul Ball, location: 2F
0-2: Strikes out swinging
Bottom of the 1st over - 1 run, 3 hits, 0 errors, 3 left on base; Durham 0 - Columbus 1
TOP OF THE 2ND
Durham Bulls batting - Pitching for Columbus Clippers : RHP Brian Pitts
Batting: RHB Joe Phillips 0-0: Swinging Strike
0-1: SOLO HOME RUN (Flyball, 89XD, EV 100.0 MPH), Distance : 398 ft
Batting: RHB Edgar Rivas 0-0: Fly out, F8 (Flyball, 89M, EV 95.0 MPH)
Batting: SHB Willie Torres 0-0: Ball
1-0: Ball
2-0: Foul Ball, location: 25F
2-1: Foul Ball, location: 2F
2-2: Ball
3-2: Foul Ball, location: 2F
3-2: Hit by Pitch
Batting: LHB Adam Jensen 0-0: Ball
1-0: Ball
2-0: Ball
3-0: Base on Balls
Willie Torres to second
Batting: RHB Mark Fousek 0-0: Called Strike
0-1: Called Strike
0-2: Strikes out swinging
Batting: LHB Bettino Sanguinacco 0-0: Called Strike
0-1: Ball
1-1: Fly out, F8 (Flyball, 89S, EV 80.0 MPH)
Top of the 2nd over - 1 run, 1 hit, 0 errors, 2 left on base; Durham 1 - Columbus 1
BOTTOM OF THE 2ND
Columbus Clippers batting - Pitching for Durham Bulls : LHP David Kasten
Batting: SHB Mario Mendoza 0-0: Ball
1-0: Foul Ball, location: 2F
1-1: Ball
2-1: Called Strike
2-2: Ball
3-2: SINGLE (Groundball, 6MD, EV 104.4 MPH)
Batting: RHB Chaz Grattan 0-0: Ball
1-0: Ball
2-0: Fielders Choice at 2nd, 1-6 (Groundball, 13S, EV 69.4 MPH)
Batting: RHB Bill Foulon 0-0: Sac Bunt to 2R - play at first, batter OUT! 2-3
Chaz Grattan to second
Batting: RHB John Walko 0-0: Foul Ball, location: 9LDF
0-1: Ball
1-1: Foul Ball, location: 23FF
1-2: Foul Ball, location: 9LSF
1-2: Fly out, F7 (Flyball, 7D, EV 80.0 MPH)
Bottom of the 2nd over - 0 runs, 1 hit, 0 errors, 1 left on base; Durham 1 - Columbus 1
TOP OF THE 3RD
Durham Bulls batting - Pitching for Columbus Clippers : RHP Brian Pitts
Batting: RHB Luis Rubio 0-0: Ball
1-0: Ground out 5-3 (Groundball, 56, EV 81.9 MPH)
Batting: RHB David Vorel 0-0: Ball
1-0: Ball
2-0: Called Strike
2-1: Reached on error, E6 (Groundball, 6M, EV 82.5 MPH)
Batting: RHB Adam Western 0-0: Foul Ball, location: 5SF
0-1: Grounds into double play, 5-4-3 (Groundball, 56S, EV 93.8 MPH)
Top of the 3rd over - 0 runs, 0 hits, 1 error, 0 left on base; Durham 1 - Columbus 1
BOTTOM OF THE 3RD
Columbus Clippers batting - Pitching for Durham Bulls : LHP David Kasten
Batting: RHB Bill Meller 0-0: Ball
1-0: Swinging Strike
1-1: Ball
2-1: Called Strike
2-2: Foul Ball, location: 25FF
2-2: Ball
3-2: Strikes out swinging
Batting: LHB Ruben Ortiz 0-0: Called Strike
0-1: Ball
1-1: Fly out, F7 (Flyball, 7, EV 98.8 MPH)
Batting: RHB Tyler O'Brien 0-0: Ball
1-0: Called Strike
1-1: Ball
2-1: Called Strike
2-2: Strikes out swinging
Bottom of the 3rd over - 0 runs, 0 hits, 0 errors, 0 left on base; Durham 1 - Columbus 1
TOP OF THE 4TH
Durham Bulls batting - Pitching for Columbus Clippers : RHP Brian Pitts
Batting: RHB Joe Phillips 0-0: Fly out, F7 (Flyball, 7, EV 91.9 MPH)
Batting: RHB Edgar Rivas 0-0: Ball
1-0: Ball
2-0: Foul Ball, location: 2F
2-1: Swinging Strike
2-2: Strikes out looking
Batting: SHB Willie Torres 0-0: Called Strike
0-1: Ball
1-1: Swinging Strike
1-2: Ball
2-2: Foul Ball, location: 7LMF
2-2: Ball
3-2: Foul Ball, location: 2F
3-2: Ground out U3 (Groundball, 3L, EV 79.4 MPH)
Top of the 4th over - 0 runs, 0 hits, 0 errors, 0 left on base; Durham 1 - Columbus 1
BOTTOM OF THE 4TH
Columbus Clippers batting - Pitching for Durham Bulls : LHP David Kasten
Batting: LHB Zachary Moody 0-0: Ball
1-0: Called Strike
1-1: Ball
2-1: Called Strike
2-2: Foul Ball, location: 5SF
2-2: Ball
3-2: Foul Ball, location: 2F
3-2: Foul Ball, location: 3DF
3-2: SINGLE (Line Drive, 89S, EV 86.3 MPH)
Batting: RHB Chris Hubert 0-0: Called Strike
0-1: Swinging Strike
0-2: Ball
1-2: Ball
2-2: SINGLE (Line Drive, 34D, EV 94.4 MPH)
Zachary Moody to second
Runner from 2nd tries for 3rd, SAFE, throw by RF made to third
Batting: SHB Mario Mendoza 0-0: Foul Ball, location: 3FF
0-1: Foul Ball, location: 2F
0-2: Foul Ball, location: 3SF
0-2: Ball
1-2: Ball
2-2: Fly out, F2 (Popup, 23F, EV 80.6 MPH)
Batting: RHB Chaz Grattan 0-0: Fly out, F7 (Flyball, 78M, EV 90.6 MPH)
Runner from 3rd tags up, OUT at HOME! 7-2
Bottom of the 4th over - 0 runs, 2 hits, 0 errors, 1 left on base; Durham 1 - Columbus 1
TOP OF THE 5TH
Durham Bulls batting - Pitching for Columbus Clippers : RHP Brian Pitts
Batting: LHB Adam Jensen 0-0: Foul Ball, location: 2F
0-1: Called Strike
0-2: Foul Ball, location: 2F
0-2: Foul Ball, location: 2F
0-2: Ball
1-2: Ground out 4-3 (Groundball, 4, EV 97.5 MPH)
Batting: RHB Mark Fousek 0-0: Ball
1-0: Fly out, F8 (Line Drive, 8LD, EV 88.1 MPH)
Batting: LHB Bettino Sanguinacco 0-0: Called Strike
0-1: Ball
1-1: Fly out, F7 (Flyball, 78M, EV 93.8 MPH)
Top of the 5th over - 0 runs, 0 hits, 0 errors, 0 left on base; Durham 1 - Columbus 1
BOTTOM OF THE 5TH
Columbus Clippers batting - Pitching for Durham Bulls : LHP David Kasten
Batting: RHB Bill Foulon 0-0: Ball
1-0: Ball
2-0: Called Strike
2-1: Ball
3-1: Called Strike
3-2: SINGLE (Groundball, 34D, EV 108.8 MPH)
Batting: RHB John Walko 0-0: Ball
1-0: Ball
2-0: Ball
3-0: Grounds into double play, 6-4-3 (Groundball, 6, EV 91.9 MPH)
Batting: RHB Bill Meller 0-0: Ball
1-0: Ball
2-0: SINGLE (Line Drive, 6D, EV 98.8 MPH)
Batting: LHB Ruben Ortiz 0-0: SINGLE (Line Drive, 4MD, EV 73.1 MPH)
Bill Meller to second
Batting: RHB Tyler O'Brien 0-0: Ball
1-0: Called Strike
1-1: Ball
2-1: Fly out, F8 (Flyball, 89S, EV 88.1 MPH)
Bottom of the 5th over - 0 runs, 3 hits, 0 errors, 2 left on base; Durham 1 - Columbus 1
TOP OF THE 6TH
Durham Bulls batting - Pitching for Columbus Clippers : RHP Brian Pitts
Batting: RHB Luis Rubio 0-0: Foul Ball, location: 9LMF
0-1: Called Strike
0-2: Ball
1-2: Ball
2-2: Foul Ball, location: 9LDF
2-2: Ball
3-2: DOUBLE (Line Drive, 78XD, EV 105.0 MPH)
Batting: RHB David Vorel 0-0: Foul Ball, location: 2F
0-1: SINGLE (Line Drive, 9LS, EV 97.5 MPH)
Luis Rubio to third
Batting: RHB Adam Western 0-0: Ball
1-0: Ball
2-0: Called Strike
2-1: Called Strike
2-2: Ball
3-2: Fly out, F8 (Flyball, 78M, EV 87.5 MPH)
Runner from 3rd tags up, SCORES, throw by CF
Batting: RHB Joe Phillips 0-0: Called Strike
0-1: Foul Ball, location: 5FF
0-2: Strikes out looking
Batting: RHB Edgar Rivas 0-0: Ball
1-0: Ground out 1-3 (Groundball, 34S, EV 65.6 MPH)
Top of the 6th over - 1 run, 2 hits, 0 errors, 1 left on base; Durham 2 - Columbus 1
BOTTOM OF THE 6TH
Columbus Clippers batting - Pitching for Durham Bulls : LHP David Kasten
Batting: LHB Zachary Moody 0-0: Called Strike
0-1: Ground out 4-3 (Groundball, 4S, EV 89.4 MPH)
Batting: RHB Chris Hubert 0-0: Called Strike
0-1: DOUBLE (Flyball, 78D, EV 108.8 MPH)
Batting: SHB Mario Mendoza 0-0: Foul Ball, location: 7LSF
0-1: Swinging Strike
0-2: Ground out 2-3 (Groundball, 15S, EV 75.0 MPH)
Chris Hubert to third
Batting: RHB Chaz Grattan 0-0: Foul Ball, location: 2F
0-1: Called Strike
0-2: Foul Ball, location: 3FF
0-2: Ball
1-2: Ball
2-2: Ball
3-2: Ground out 1-3 (Groundball, 13, EV 61.9 MPH)
Bottom of the 6th over - 0 runs, 1 hit, 0 errors, 1 left on base; Durham 2 - Columbus 1
TOP OF THE 7TH
Durham Bulls batting - Pitching for Columbus Clippers : RHP Brian Pitts
Batting: SHB Willie Torres 0-0: Ball
1-0: Foul Ball, location: 7LDF
1-1: Ground out 3-1 (Groundball, 34, EV 93.1 MPH)
Batting: LHB Adam Jensen 0-0: Fly out, F4 (Popup, 4M, EV 63.8 MPH)
Batting: RHB Mark Fousek 0-0: Ball
1-0: Foul Ball, location: 2F
1-1: Foul Ball, location: 2F
1-2: Strikes out swinging
Top of the 7th over - 0 runs, 0 hits, 0 errors, 0 left on base; Durham 2 - Columbus 1
BOTTOM OF THE 7TH
Columbus Clippers batting - Pitching for Durham Bulls : LHP David Kasten
Batting: RHB Bill Foulon 0-0: Ball
1-0: Ground out 6-3 (Groundball, 6, EV 80.6 MPH)
Batting: RHB John Walko 0-0: Swinging Strike
0-1: Ball
1-1: Ball
2-1: DOUBLE (Flyball, 8LD, EV 97.5 MPH)
Pitching: LHP Danny Silva
Batting: RHB Bill Meller 0-0: Called Strike
0-1: Foul Ball, location: 23F
0-2: Ball
1-2: Foul Ball, location: 2F
1-2: Ball
2-2: DOUBLE (Line Drive, 78D, EV 101.9 MPH)
John Walko scores
Batting: LHB Ruben Ortiz 0-0: Called Strike
0-1: Ball
1-1: Ball
2-1: Ground out 5-3 (Groundball, 5, EV 100.0 MPH)
Batting: RHB Tyler O'Brien 0-0: Ball
1-0: Foul Ball, location: 7LMF
1-1: Foul Ball, location: 25F
1-2: Strikes out swinging
Bottom of the 7th over - 1 run, 2 hits, 0 errors, 1 left on base; Durham 2 - Columbus 2
TOP OF THE 8TH
Durham Bulls batting - Pitching for Columbus Clippers : RHP Brian Pitts
Pitching: RHP Raul Cano
Batting: LHB Bettino Sanguinacco 0-0: Called Strike
0-1: Called Strike
0-2: SINGLE (Line Drive, 34D, EV 102.5 MPH)
Batting: RHB Luis Rubio 0-0: Ball
1-0: Foul Ball, location: 9LDF
1-1: Foul Ball, location: 9LDF
1-2: Strikes out swinging
Batting: RHB David Vorel 0-0: Foul Ball, location: 9LDF
0-1: Swinging Strike
0-2: Ball
1-2: Ball
2-2: Ball
3-2: Strikes out looking
Pinch Hitting: LHB Xavier Longoria 0-0: Ball
1-0: Ball
2-0: Ball
3-0: Called Strike
3-1: Called Strike
3-2: Foul Ball, location: 3FF
3-2: Fly out, F9 (Flyball, 89M, EV 95.0 MPH)
Top of the 8th over - 0 runs, 1 hit, 0 errors, 1 left on base; Durham 2 - Columbus 2
BOTTOM OF THE 8TH
Columbus Clippers batting - Pitching for Durham Bulls : LHP Danny Silva
Now in LF: A.J. Adair
Batting: LHB Zachary Moody 0-0: Called Strike
0-1: Ball
1-1: Foul Ball, location: 3FF
1-2: Ball
2-2: Foul Ball, location: 2F
2-2: Ball
3-2: Foul Ball, location: 3FF
3-2: Base on Balls
Batting: RHB Chris Hubert 0-0: Ball
1-0: Ball
2-0: Swinging Strike
2-1: Swinging Strike
2-2: Ball
3-2: Foul Ball, location: 25FF
3-2: Strikes out swinging
Batting: SHB Mario Mendoza 0-0: Called Strike
0-1: Ball
1-1: Called Strike
1-2: Foul Ball, location: 2F
1-2: Strikes out swinging
Batting: RHB Chaz Grattan 0-0: Foul Ball, location: 25F
0-1: Foul Ball, location: 2F
0-2: Strikes out swinging
Bottom of the 8th over - 0 runs, 0 hits, 0 errors, 1 left on base; Durham 2 - Columbus 2
TOP OF THE 9TH
Durham Bulls batting - Pitching for Columbus Clippers : RHP Raul Cano
Batting: RHB Joe Phillips 0-0: Ball
1-0: Swinging Strike
1-1: Foul Ball, location: 5F
1-2: Ball
2-2: Ball
3-2: Base on Balls
Batting: RHB Edgar Rivas 0-0: Ball
1-0: Ball
2-0: Ball
3-0: Called Strike
3-1: Swinging Strike
3-2: Strikes out looking
Batting: SHB Willie Torres 0-0: Foul Ball, location: 3F
0-1: Swinging Strike
0-2: Strikes out swinging
Pitching: RHP Aurélio Anjinho
Batting: LHB Adam Jensen 0-0: Called Strike
0-1: Foul Ball, location: 23F
0-2: Ball
1-2: Ball
2-2: Fly out, F7 (Flyball, 7, EV 96.9 MPH)
Top of the 9th over - 0 runs, 0 hits, 0 errors, 1 left on base; Durham 2 - Columbus 2
BOTTOM OF THE 9TH
Columbus Clippers batting - Pitching for Durham Bulls : LHP Danny Silva
Batting: RHB Bill Foulon 0-0: Ball
1-0: Swinging Strike
1-1: Ball
2-1: Foul Ball, location: 2F
2-2: Foul Ball, location: 9LSF
2-2: Strikes out swinging
Batting: RHB John Walko 0-0: Foul Ball, location: 9LMF
0-1: Swinging Strike
0-2: Ball
1-2: Ball
2-2: Strikes out swinging
Batting: RHB Bill Meller 0-0: Called Strike
0-1: Ball
1-1: Swinging Strike
1-2: Ground out 5-3 (Groundball, 56, EV 90.6 MPH)
Bottom of the 9th over - 0 runs, 0 hits, 0 errors, 0 left on base; Durham 2 - Columbus 2
TOP OF THE 10TH
Durham Bulls batting - Pitching for Columbus Clippers : RHP Aurélio Anjinho
Adam Jensen starts the inning at 2nd base.
Batting: RHB Mark Fousek 0-0: Foul Ball, location: 5F
0-1: Swinging Strike
0-2: Strikes out swinging
Batting: LHB Bettino Sanguinacco 0-0: Called Strike
0-1: Called Strike
0-2: Ball
1-2: Strikes out swinging
Batting: RHB Luis Rubio 0-0: Foul Ball, location: 2F
0-1: Called Strike
0-2: Ball
1-2: Ball
2-2: Ball
3-2: Strikes out swinging
Top of the 10th over - 0 runs, 0 hits, 0 errors, 1 left on base; Durham 2 - Columbus 2
BOTTOM OF THE 10TH
Columbus Clippers batting - Pitching for Durham Bulls : LHP Danny Silva
Bill Meller starts the inning at 2nd base.
Pitching: RHP Lance Cole
Batting: LHB Ruben Ortiz 0-0: Ball
1-0: Ball
2-0: DOUBLE (Groundball, 3L, EV 105.0 MPH)
Bill Meller scores
Bottom of the 10th over - 1 run, 1 hit, 0 errors, 1 left on base; Durham 2 - Columbus 3
Saturday, April 6th , 2024 - OOTP Baseball 24.11 Build 85